 Dungeon Crawl Stone Soup version 0.30.1-11-g7821555f0a (webtiles) character file.

Game seed: 16266856646491618852

1751433 Skeebo the Skullcrusher (level 27, 195/199 HPs)
             Began as a Gargoyle Fighter on Dec 17, 2023.
             Was a High Priest of Okawaru.
             Escaped with the Orb
             ... and 3 runes!
             The game lasted 03:15:06 (63331 turns).

Skeebo the Skullcrusher (Gargoyle Fighter)         Turns: 63331, Time: 03:15:07

Health: 195/199    AC: 77    Str: 37    XL:     27
Magic:  31/31      EV:  8    Int:  8    God:    Okawaru [*****.]
Gold:   5416       SH: 20    Dex:  7    Spells: 26/26 levels left

rFire   + + +        k - +7 eveningstar "Qita" {freeze, rF+ Str+4}
rCold   + + +        z - +5 kite shield {rC+ rF+}
rNeg    + + .        Q - +19 crystal plate armour "Usapid" {rF++ Dex-5}
rPois   ∞            l - +2 helmet
rElec   +            p - scarf {repulsion}
rCorr   .            J - +0 pair of gloves "Mampaina" {rF++ Will+ Int+2}
SInv    +            F - +2 pair of boots {rampage}
Will    ++++.        r - amulet "Paittommah" {Spirit rF+ Slay+5 Stlth-} Stlth
                     K - ring of Jinaw {rC+ rN+ Str-2 Slay+4 SInv}
HPRegen 0.53/turn    I - ring "Ubocw" {rPois rC+ Will+ Dex+3}
MPRegen 0.22/turn

%: random rage (3%), repel missiles, guardian spirit, rampage
@: on berserk cooldown, flying, studying 2 skills
A: sickness immunity, AC +20, big wings, negative energy resistance 1,
electricity resistance, torment resistance 1, petrification resistance, berserk
1, cold resistance 1, dopey 1, fire resistance 1, screaming 1, teleportitis 2
0: Orb of Zot
}: 3/15 runes: serpentine, barnacled, silver
a: Renounce Religion, Heroism, Finesse, Duel


You escaped.
You worshipped Okawaru.
Okawaru was extremely pleased with you.
You visited 9 branches of the dungeon, and saw 45 of its levels.
You also visited: Trove, Gauntlet, Ice Cave and Desolation.

You collected 7461 gold pieces.
You spent 2045 gold pieces at shops.

Inventory:

Hand Weapons
 h - the +6 shortbow "Quonkeept" {flame, Dex+3}
   (You took it off a minotaur in a Gauntlet)

   Dex:       It affects your dexterity (+3).
 k - the +7 eveningstar "Qita" (weapon) {freeze, rF+ Str+4}
   (You found it in a treasure trove)

   Str:       It affects your strength (+4).
   rF:        It protects you from fire.
 P - the +5 flail of Niaz {freeze, rElec rCorr Int-2}
   (You found it on level 2 of the Lair of Beasts)

   Int:       It affects your intelligence (-2).
   rElec:     It insulates you from electricity.
   rCorr:     It protects you from acid and corrosion.
 U - the +10 double sword of the Weak God {spect, rElec}
   (Okawaru gifted it to you in the Desolation of Salt)

   rElec:     It insulates you from electricity.
Armour
 l - a +2 helmet (worn)
 p - a scarf of repulsion (worn)
 v - the +9 kite shield of Death Resistance {Int+3}
   (Okawaru gifted it to you on level 5 of the Vaults)

   Int:       It affects your intelligence (+3).
 z - a +5 kite shield of resistance (worn)
 F - a +2 pair of boots of rampaging (worn)
 J - the +0 pair of gloves "Mampaina" (worn) {rF++ Will+ Int+2}
   (Okawaru gifted it to you on level 2 of the Orcish Mines)

   Int:       It affects your intelligence (+2).
   rF:        It greatly protects you from fire.
   Will:      It increases your willpower.
 Q - the +19 crystal plate armour "Usapid" (worn) {rF++ Dex-5}
   (Okawaru gifted it to you on level 4 of the Depths)

   Dex:       It affects your dexterity (-5).
   rF:        It greatly protects you from fire.
Jewellery
 b - the ring of Bizay {rF+ rC+ rN+}
   (You found it in the Desolation of Salt)

   [ring of protection from fire]

   rF:        It protects you from fire.
   rC:        It protects you from cold.
   rN:        It protects you from negative energy.
 f - a ring of see invisible
 n - the ring of Jeymm {Drain rElec Dex+6 SInv}
   (You found it on level 3 of the Depths)

   [ring of see invisible]

   Dex:       It affects your dexterity (+6).
   rElec:     It insulates you from electricity.
   SInv:      It lets you see invisible.
   Drain:     It drains your maximum health when unequipped.
 r - the amulet "Paittommah" (around neck) {Spirit rF+ Slay+5 Stlth-}
   (You bought it in a shop on level 1 of the Snake Pit)

   [amulet of guardian spirit]

   It causes incoming damage to be divided between your reserves of health and
   magic.
   Slay:      It affects your accuracy & damage with ranged weapons and melee
   (+5).
   rF:        It protects you from fire.
   Stlth:     It makes you less stealthy.
 w - an amulet of magic regeneration
 E - the amulet of Qocvur {Faith rF++ Int+3 SInv}
   (You found it on level 3 of the Shoals)

   [amulet of faith]

   It allows you to gain divine favour quickly.
   Int:       It affects your intelligence (+3).
   rF:        It greatly protects you from fire.
   SInv:      It lets you see invisible.
 H - an amulet of guardian spirit
 I - the ring "Ubocw" (right hand) {rPois rC+ Will+ Dex+3}
   (You bought it in a shop on level 3 of the Snake Pit)

   [ring of willpower]

   Dex:       It affects your dexterity (+3).
   rC:        It protects you from cold.
   rPois:     It protects you from poison.
   Will:      It increases your willpower.
 K - the ring of Jinaw (left hand) {rC+ rN+ Str-2 Slay+4 SInv}
   (You found it in a Gauntlet)

   [ring of protection from cold]

   Str:       It affects your strength (-2).
   Slay:      It affects your accuracy & damage with ranged weapons and melee
   (+4).
   rC:        It protects you from cold.
   rN:        It protects you from negative energy.
   SInv:      It lets you see invisible.
 L - a +6 ring of strength
 O - a +4 ring of protection
 R - the ring of Gelymiov {Str+2 SInv}
   (You found it on level 2 of the Depths)

   [ring of see invisible]

   Str:       It affects your strength (+2).
   SInv:      It lets you see invisible.
 V - a ring of protection from cold
 X - the ring of Hospitality {Ice Contam rPois Int+7 Dex+3}
   (You took it off Josephina on level 3 of the Depths)

   [ring of ice]

   It enhances your ice magic.
   Int:       It affects your intelligence (+7).
   Dex:       It affects your dexterity (+3).
   rF:        It makes you vulnerable to fire.
   rC:        It protects you from cold.
   rPois:     It protects you from poison.
   Contam:    It causes magical contamination when unequipped.
Wands
 u - a wand of iceblast (9)
 G - a wand of digging (21)
 M - a wand of mindburst (9)
Scrolls
 c - 2 scrolls of silence
 d - 2 scrolls of enchant weapon
 g - 14 scrolls of teleportation
 o - a scroll of enchant armour
 x - 2 scrolls of fear
 y - 6 scrolls of magic mapping
 A - a scroll of poison
 C - a scroll of amnesia
 Y - 6 scrolls of fog
Potions
 a - 2 potions of haste
 e - 13 potions of attraction
 i - 9 potions of curing
 j - 2 potions of magic
 m - 3 potions of berserk rage
 q - 7 potions of cancellation
 s - 12 potions of brilliance
 t - 2 potions of might
 B - 3 potions of heal wounds
 D - 4 potions of invisibility
 N - 10 potions of ambrosia
 S - 5 potions of resistance
 T - 7 potions of lignification
 Z - 14 potions of mutation


   Skills:
 O Level 27 Fighting
 O Level 27 Maces & Flails
 + Level 21.9 Armour
 + Level 23.7 Shields
 - Level 10.7 Invocations


You had 26 spell levels left.
You didn't know any spells.
Your spell library contained the following spells:

 Spells                   Type           Power      Damage    Failure   Level
 Apportation              Tloc           0%         N/A       95%         1
 Foxfire                  Conj/Fire      0%         2x1d4     95%         1
 Freeze                   Ice            0%         1d3       95%         1
 Magic Dart               Conj           0%         1d3       95%         1
 Necrotise                Necr           0%         1d4       95%         1
 Sandblast                Erth           0%         2d4       95%         1
 Shock                    Conj/Air       0%         1d3       95%         1
 Blink                    Tloc           0%         N/A       99%         2
 Ensorcelled Hibernation  Hex/Ice        0%         N/A       99%         2
 Lesser Beckoning         Tloc           0%         N/A       99%         2
 Momentum Strike          Conj/Tloc      0%         3d8       99%         2
 Passwall                 Tmut/Erth      0%         N/A       99%         2
 Poisonous Vapours        Pois/Air       0%         N/A       99%         2
 Scorch                   Fire           0%         2d5       99%         2
 Searing Ray              Conj           0%         2d4       99%         2
 Static Discharge         Conj/Air       0%         2-2/arc   99%         2
 Dazzling Flash           Conj/Hex       0%         N/A       100%        3
 Hailstorm                Conj/Ice       0%         3d3       100%        3
 Ignite Poison            Fire/Tmut/Pois 0%         N/A       100%        3
 Inner Flame              Hex/Fire       0%         N/A       100%        3
 Mephitic Cloud           Conj/Pois/Air  0%         N/A       100%        3
 Portal Projectile        Hex/Tloc       0%         N/A       100%        3
 Spider Form              Tmut/Pois      0%         N/A       100%        3
 Stone Arrow              Conj/Erth      0%         3d7       100%        3
 Swiftness                Air            0%         N/A       100%        3
 Vampiric Draining        Necr           0%         2d6       100%        3
 Vhi's Electric Charge    Tloc/Air       0%         N/A       100%        3
 Volatile Blastmotes      Fire/Tloc      0%         2d10      100%        3
 Airstrike                Air            0%         2d(0-16)  100%        4
 Anguish                  Hex/Necr       0%         N/A       100%        4
 Flame Wave               Conj/Fire      0%         2d4       100%        4
 Iskenderun's Mystic Bla  Conj/Tloc      0%         2d3       100%        4
 Leda's Liquefaction      Hex/Erth       0%         N/A       100%        4
 Petrify                  Tmut/Erth      0%         N/A       100%        4
 Sticky Flame             Conj/Fire      0%         2d3       100%        4
 Agony                    Necr           0%         N/A       100%        5
 Alistair's Intoxication  Tmut/Pois      0%         N/A       100%        5
 Arcjolt                  Conj/Air       0%         1d10      100%        5
 Fireball                 Conj/Fire      0%         3d3       100%        5
 Freezing Cloud           Conj/Ice/Air   0%         6-21      100%        5
 Metabolic Englaciation   Hex/Ice        0%         N/A       100%        5
 Yara's Violent Unravell  Hex/Tmut       0%         3d3       100%        5
 Plasma Beam              Fire/Air       0%         2x1d11    100%        6
 Starburst                Conj/Fire      0%         6d3       100%        6
 Enfeeble                 Hex            0%         N/A       100%        7
 Ozocubu's Refrigeration  Ice            0%         4d7       100%        7
 Storm Form               Tmut/Air       0%         N/A       100%        7
 Lehudib's Crystal Spear  Conj/Erth      0%         10d2      100%        8
 Maxwell's Capacitive Co  Air            0%         ∞         100%        8
 Necromutation            Tmut/Necr      0%         N/A       100%        8
 Chain Lightning          Conj/Air       0%         N/A       100%        9
 Fire Storm               Conj/Fire      0%         5d1       100%        9
 Polar Vortex             Ice            0%         N/A       100%        9
 Shatter                  Erth           0%         3d5*      100%        9
 Cigotuvi's Dreadful Rot  Necr/Pois/Air  Unusable   N/A       N/A         2
 Call Canine Familiar     Summ           Unusable   N/A       N/A         3
 Summon Lightning Spire   Summ/Air       Unusable   N/A       N/A         4
 Statue Form              Tmut/Erth      Unusable   N/A       N/A         6
 Summon Cactus Giant      Summ           Unusable   N/A       N/A         6

Dungeon Overview and Level Annotations

Branches:
Dungeon (15/15)            Temple (1/1) D:7            Lair (5/5) D:11
 Shoals (4/4) Lair:2        Snake (4/4) Lair:3        Slime (0/5) Lair:4
    Orc (2/2) D:12            Elf (0/3) Orc:2        Vaults (5/5) D:14
  Crypt (0/3) Vaults:3     Depths (4/4) D:15            Zot (5/5) Depths:4
  IceCv (visited)         Desolation (visited)      Gauntlet (visited)

Altars:
Ashenzari
Cheibriados
Dithmenos
Elyvilon
Fedhas
Gozag
Hepliaklqana
Kikubaaqudgha
Makhleb
Nemelex Xobeh
Okawaru
Qazlal
Ru
Sif Muna
Trog
Uskayaw
Vehumet
Wu Jian
Xom
Yredelemnul
Zin
The Shining One
Jiyva

Shops:
D:6 !   Orc:1 :   Orc:2 !=*[(   Shoals:2 **   Snake:1 *!*=   Snake:3 ::=
Snake:4 [!(   Vaults:4 :   Depths:1 ((

Portals:
Hell: Lair:5 Depths:1 Depths:2 Depths:3 Depths:4
Abyss: Depths:3
Pandemonium: Depths:1 Depths:2 Depths:3
Ziggurat: Depths:1

Annotations:
D:11 3 runed translucent doors
Vaults:3 1 runed translucent door
Depths:1 4 transporters
Depths:3 3 runed translucent doors, Taerig's ghost, adept DsMo
Zot:5 1 runed translucent door, bairyn's ghost, master MiFi


Innate Abilities, Weirdness & Mutations

You are immune to sickness and miasma.
Your stone body is resilient. (AC +20)
You are immune to poison.
Your large and strong wings let you fly.
You resist negative energy. (rN+)
You are resistant to electric shocks. (rElec)
You are resistant to unholy torment.
You are immune to petrification.
You sometimes lose your temper in combat.
Your flesh is cold resistant. (rC+)
You are dopey. (Int -2)
Your flesh is heat resistant. (rF+)
You occasionally shout uncontrollably at your foes.
You are often teleported next to monsters.


Message History

The Hell Sentinel completely misses you.
You puncture the Hell Sentinel!
The Hell Sentinel is moderately wounded.
The Hell Sentinel hits you. You block the Hell Sentinel's attack.
You impale the Hell Sentinel!!
The Hell Sentinel is heavily wounded.
You hit the Hell Sentinel but do no damage.
The Hell Sentinel is heavily wounded.
You block the Hell Sentinel's attack. The Hell Sentinel hits you!
You stick the Hell Sentinel like a pincushion!!!
The Hell Sentinel is severely wounded.
You block the Hell Sentinel's attack.
The Hell Sentinel hits you but does no damage.
A red film seems to cover your vision as you go berserk!
You feel yourself moving faster!
You feel mighty!
You barely miss the Hell Sentinel.
The Hell Sentinel is severely wounded.
You barely miss the Hell Sentinel.
The Hell Sentinel is severely wounded.
The Hell Sentinel gestures at you.
The iron shot is repelled.
You bludgeon the Hell Sentinel!!
The Hell Sentinel is almost dead.
You bludgeon the Hell Sentinel!!
The Hell Sentinel is almost dead.
The Hell Sentinel closely misses you.
The Hell Sentinel hits you but does no damage.
You bludgeon the Hell Sentinel!!
You kill the Hell Sentinel!
Okawaru accepts your kill.
You are too berserk!
You feel a strong urge to attack something.
You feel your anger nearly subside.
You are no longer berserk.
You are exhausted.
You feel yourself slow down.
Magic restored.
You feel yourself speed up.
There is a staircase leading out of the dungeon here.
You have escaped!

.......................>......#
.....#########....##..........#
......# ####....#####.#######
#....(# #...........#.# #.....#
#..#.....#..#.# #######
#.##8###8##.#.# # #.#
#..#.....[....#########
#####.#####..#.....#............#
.........##..#..@..#............#
#.###....##..#.....#............#
#.# ##...##........#............#
#.# #......##8###8##...........#
#.# #......##.....#............#
#.# #...........................
#.## #......#..###..............#
...# ###............##..........#
...#####.####..##..###..........#


There were no monsters in sight!

Vanquished Creatures
  6 dread liches
  4 orbs of fire
  3 ancient liches
  Mara (Depths:1)
  2 juggernauts (Depths:3)
  A pandemonium lord (D:4)
  Sojobo (Depths:4)
  Josephina (Depths:3)
  Parghit (Depths:4)
  Frederick (Vaults:5)
  Boris (Depths:4)
  Saint Roka (Orc:2)
  2 Killer Klowns (Zot:5)
  Vashnia (Snake:2)
  3 curse toes
  6 caustic shrikes
  10 golden dragons
  Nikola (Snake:3)
  A bone dragon (Depths:4)
  2 electric golems
  A Hell Sentinel (D:1)
  Rupert (D:14)
  18 tentacled monstrosities
  2 doom hounds (Depths:4)
  Zenata (Vaults:3)
  4 liches
  2 walking earthen tomes (Depths:2)
  24 Orb Guardians
  A walking crystal tome (Depths:3)
  Grunn (Depths:4)
  6 titans
  3 quicksilver dragons
  A walking divine tome (Depths:3)
  16 death cobs
  A walking frostbound tome (Depths:3)
  3 krakens
  4 sphinxes
  An Executioner (Depths:1)
  The ghost of Hehairghu the Severer, an adept FoFi of the Shining One (Shoals:3)
  Kirke (Shoals:2)
  Polyphemus (Shoals:3)
  11 tengu reavers
  20 storm dragons
  Frances (D:13)
  3 nagarajas (Snake:4)
  12 shadow dragons
  Ilsuiw (Shoals:2)
  6 draconian monks
  6 frost giants
  11 vault wardens
  14 fire giants
  3 imperial myrmidons (Desolation)
  2 deep elf sorcerers (Vaults:5)
  An iron dragon (Depths:3)
  5 draconian knights
  2 balrugs
  5 ghost moths
  8 draconian scorchers
  4 draconian stormcallers
  A juggernaut zombie (Depths:3)
  Louise (Shoals:3)
  Aizul (Snake:3)
  3 draconian shifters
  2 orc warlords (Orc:2)
  22 very ugly things
  A reaper (IceCv)
  A cacodemon (Zot:3)
  6 draconian annihilators
  2 caustic shrike skeletons (Depths:3)
  A war gargoyle (Vaults:5)
  21 stone giants
  10 ironbound preservers
  12 ironbound thunderhulks
  2 spriggan defenders
  11 green draconians
  5 vampire knights
  9 black draconians
  10 purple draconians
  2 lorocyprocas (Depths:1)
  A putrid mouth (Depths:4)
  2 dire elephants
  A deep elf annihilator (Vaults:5)
  2 halazid warlocks (Desolation)
  14 red draconians
  A minotaur (Gauntlet)
  2 deep elf death magi (Vaults:5)
  14 yellow draconians
  9 white draconians
  Snorg (D:14)
  5 crystal guardians
  4 merfolk javelineers
  An entropy weaver (Vaults:3)
  7 merfolk impalers
  3 deep elf high priests (Vaults:5)
  15 ettins
  12 fire dragons
  8 great orbs of eyes
  3 salamander tyrants
  8 ragged hierophants (Desolation)
  5 rakshasas
  Harold (D:9)
  12 yaktaur captains
  A hell beast (Depths:2)
  5 servants of whispers (Desolation)
  6 hydras
  9 ice dragons
  A caustic shrike simulacrum (Depths:3)
  A spriggan skeleton (Depths:3)
  8 spriggan air magi
  Fannar (Orc:1)
  2 ogre magi
  2 juggernaut simulacra (Depths:2)
  8 peacekeepers
  12 two-headed ogres
  6 ironbound frosthearts
  5 merfolk avatars
  29 vault guards
  3 merfolk aquamancers (Shoals:4)
  7 centaur warriors
  5 boulder beetles
  7 deep troll shamans
  3 catoblepae
  6 satyrs
  6 anacondas
  A death knight (D:15)
  A satyr (shapeshifter) (Vaults:3)
  9 deep troll earth magi
  4 death yaks
  19 naga warriors
  8 spriggan berserkers
  4 vampire magi
  5 shock serpents
  6 tengu warriors
  4 orc high priests (Orc:2)
  A shock serpent (shapeshifter) (Vaults:5)
  16 naga sharpshooters
  A storm dragon zombie (D:15)
  3 soul eaters
  5 sun demons
  A titan skeleton (D:15)
  7 iron trolls
  8 hell knights
  2 salamander mystics (Snake:4)
  5 skysharks
  A sixfirhy (D:12)
  A shadow wraith (Vaults:5)
  2 skeletal warriors (D:15)
  8 sea snakes
  6 flayed ghosts
  4 glowing orange brains
  9 naga ritualists
  32 deep trolls
  4 orc knights
  2 tengu zombies
  Pikel (D:4)
  2 phantasmal warriors (Vaults:5)
  10 necromancers
  17 ironbound convokers
  7 lindwurms
  20 harpies
  7 wizards
  2 sphinx zombies
  A tengu skeleton (Depths:3)
  A deep elf pyromancer (D:14)
  7 mana vipers
  7 orc sorcerers (Orc:2)
  A fire giant zombie (Depths:3)
  A frost giant zombie (Depths:3)
  6 cyclopes
  19 manticores
  9 salamanders
  A salamander (shapeshifter) (Vaults:5)
  31 ugly things
  A faun (shapeshifter) (Depths:2)
  15 fauns
  An iron dragon skeleton (Depths:3)
  27 moths of wrath
  16 elephants
  Maurice (Orc:1)
  30 black mambas
  12 vault sentinels
  10 merfolk sirens
  5 guardian serpents
  26 naga magi
  6 water nymphs
  Joseph (D:8)
  A stone giant skeleton (Depths:2)
  A smoke demon (Depths:1)
  2 ice statues (IceCv)
  An apocalypse crab (Gauntlet)
  5 orange demons
  A storm dragon simulacrum (Depths:3)
  3 molten gargoyles (Desolation)
  Maggie (D:8)
  9 cane toads
  2 hellions (Zot:2)
  8 rime drakes
  7 komodo dragons
  Psyche (D:12)
  A spark wasp simulacrum (Depths:3)
  3 anaconda simulacra (IceCv)
  32 yaktaurs
  4 freezing wraiths
  2 tormentors (Depths:4)
  A troll (shapeshifter) (Vaults:5)
  9 ice devils
  3 red devils
  2 tengu conjurers
  3 meliai (D:12)
  A meliai (shapeshifter) (Depths:2)
  3 trolls
  6 wind drakes
  13 merfolk
  4 polar bears
  A queen bee (D:12)
  A sphinx simulacrum (Depths:2)
  6 hornets
  2 hellwings
  A raiju (shapeshifter) (Depths:2)
  40 saltlings (Desolation)
  9 dream sheep
  A dream sheep (shapeshifter) (Vaults:5)
  A fire giant simulacrum (Depths:3)
  3 snapping turtles
  24 slime creatures
  A stone giant simulacrum (Depths:2)
  7 blink frogs
  Sigmund (D:6)
  An iron dragon simulacrum (Depths:3)
  6 spriggans
  A vampire (D:11)
  47 yaks
  A shadow (D:12)
  A centaur simulacrum (D:15)
  A spriggan (shapeshifter) (D:9)
  3 wraiths
  8 water elementals
  4 wyverns
  4 dire elephant simulacra (IceCv)
  16 humans
  5 hogs (Shoals:2)
  3 basilisks
  A death yak simulacrum (IceCv)
  2 neqoxecs
  2 redbacks (Vaults:5)
  A redback (shapeshifter) (Depths:3)
  2 chaos spawn
  3 steam dragons
  4 wargs
  A harpy simulacrum (IceCv)
  A glowing shapeshifter zombie (Depths:2)
  Edmund (D:6)
  A swamp worm (shapeshifter) (Vaults:5)
  An acid dragon (D:9)
  49 nagas
  2 hydra simulacra (IceCv)
  12 water moccasins
  3 hell hounds (Lair:5)
  A floating eye (Depths:4)
  41 orc warriors
  6 ice beasts (D:11)
  2 black bears (Lair:1)
  11 ogres
  10 centaurs
  7 wolves
  2 lemures (D:4)
  3 phantoms
  3 kobold brigands
  12 bullfrogs
  3 necrophages (Lair:2)
  A gnoll sergeant (D:10)
  A glowing shapeshifter simulacrum (Depths:3)
  2 two-headed ogre simulacra
  3 scorpions
  3 cane toad simulacra
  A wight (D:7)
  34 killer bees
  An elephant simulacrum (Orc:1)
  5 howler monkeys
  3 electric eels
  6 hounds
  7 jellies
  29 orc priests
  2 gnoll boudas (D:6)
  2 sleepcaps
  37 orc wizards
  Natasha (thrice) (D:3)
  A spriggan simulacrum (Orc:1)
  A troll simulacrum (Orc:1)
  Robin (D:4)
  8 adders
  14 gnolls
  4 naga simulacra
  3 shadow imps
  3 white imps
  3 worms
  3 dart slugs
  81 orcs
  2 bats
  8 endoplasms
  2 giant cockroaches (D:3)
  11 hobgoblins
  12 jackals
  14 kobolds
  3 quokkas
  3 ball pythons
  3 frilled lizards
  15 goblins
  5 rats
  A butterfly (D:10)
  A fire vortex (Zot:2)
  7 tentacles
1988 creatures vanquished.

Vanquished Creatures (others)
  Sonja (Lair:2)
  2 wizards (Depths:2)
  A faun (Shoals:2)
  An orc wizard (D:9)
  An orc (Orc:2)
  A creeping inferno (Zot:2)
  33 tentacles
40 creatures vanquished.

Grand Total: 2028 creatures vanquished

Notes
Turn   | Place    | Note
-------+----------+-------------------------------------------
     0 | D:1      | Skeebo the Gargoyle Fighter began the quest for the Orb.
     0 | D:1      | Reached XP level 1. HP: 14/14 MP: 1/1
   108 | D:1      | Reached XP level 2. HP: 19/19 MP: 2/2
   402 | D:1      | Found a faded altar of an unknown god.
   634 | D:2      | Reached XP level 3. HP: 24/24 MP: 3/3
   745 | D:2      | Reached XP level 4. HP: 21/30 MP: 4/4
  1407 | D:3      | Reached XP level 5. HP: 34/34 MP: 5/5
  1422 | D:3      | Reached skill level 5 in Fighting
  1510 | D:3      | You fall into a shaft and drop 1 floor!
  1583 | D:4      | Noticed a phantom
  1597 | D:4      | Killed a phantom
  1598 | D:4      | Reached XP level 6. HP: 40/40 MP: 6/6
  1723 | D:4      | Found a snail-covered altar of Cheibriados.
  1860 | D:4      | Noticed Robin
  1871 | D:4      | Noticed Pikel
  1879 | D:4      | Killed Robin
  1892 | D:4      | Killed Pikel
  1893 | D:4      | Reached XP level 7. HP: 43/48 MP: 7/7
  1976 | D:3      | Found a shadowy altar of Dithmenos.
  2030 | D:3      | Noticed Natasha
  2034 | D:3      | Killed Natasha
  2036 | D:3      | Found a bloodstained altar of Trog.
  2071 | D:3      | Noticed Natasha
  2096 | D:3      | Killed Natasha
  2360 | D:3      | Found a hazy altar of Hepliaklqana.
  2389 | D:3      | Noticed Natasha
  2403 | D:3      | Killed Natasha
  2404 | D:3      | Reached XP level 8. HP: 39/53 MP: 8/8
  3213 | D:5      | Entered Level 5 of the Dungeon
  3420 | D:5      | Found a hide-covered altar of Uskayaw.
  3420 | D:5      | Found a burning altar of Makhleb.
  3420 | D:5      | Found a blossoming altar of Fedhas.
  3742 | D:5      | Found a shimmering blue altar of Sif Muna.
  3934 | D:5      | Found a shimmering altar of Xom.
  4048 | D:6      | Found Wavuat's Distillery.
  4234 | D:6      | Noticed Edmund
  4248 | D:6      | Killed Edmund
  4926 | D:6      | Reached XP level 9. HP: 41/60 MP: 9/9
  5089 | D:6      | Noticed Sigmund
  5100 | D:6      | Killed Sigmund
  5339 | D:7      | Reached skill level 10 in Fighting
  5652 | D:7      | Found a staircase to the Ecumenical Temple.
  5670 | Temple   | Entered the Ecumenical Temple
  6076 | D:7      | Reached XP level 10. HP: 73/73 MP: 10/10
  6077 | D:7      | Reached XP level 11. HP: 80/80 MP: 11/11
  6375 | D:8      | Found a stormy altar of Qazlal.
  6416 | D:8      | Found an ancient bone altar of Kikubaaqudgha.
  6481 | D:8      | Found a sparkling altar of Nemelex Xobeh.
  6502 | D:8      | Noticed Maggie
  6513 | D:8      | Killed Maggie
  6513 | D:8      | Noticed Joseph
  6514 | D:8      | Reached skill level 15 in Fighting
  6518 | D:8      | Killed Joseph
  7133 | D:9      | Reached XP level 12. HP: 80/88 MP: 12/12
  7239 | D:9      | Found an iron altar of Okawaru.
  7452 | D:9      | Noticed a centaur warrior
  7455 | D:9      | Noticed Harold
  7467 | D:9      | Killed Harold
  7470 | D:9      | Killed a centaur warrior
  7481 | D:9      | Found a broken altar of Ashenzari.
  7781 | D:9      | Became a worshipper of Warmaster Okawaru
  7800 | D:10     | Entered Level 10 of the Dungeon
  7814 | D:10     | Reached skill level 5 in Armour
  8117 | D:10     | Found an opulent altar of Gozag.
  8287 | D:10     | Found a white marble altar of Elyvilon.
  8486 | D:10     | Found a glowing golden altar of the Shining One.
  8586 | D:11     | Noticed a two-headed ogre
  8596 | D:10     | Killed a two-headed ogre
  8596 | D:10     | Reached * piety under Okawaru
  8669 | D:11     | Found a runed translucent gate.
  8669 | D:11     | Found a runed translucent gate.
  8669 | D:11     | Found a runed translucent gate.
  8669 | D:11     | a slime creature changed into an ice dragon
  8669 | D:11     | Noticed an ice dragon (glowing shapeshifter)
  8672 | D:11     | an ice dragon changed into a spark wasp
  8672 | D:11     | Noticed a spark wasp (glowing shapeshifter)
  8674 | D:11     | a spark wasp changed into a satyr
  8674 | D:11     | Noticed a satyr (glowing shapeshifter)
  8676 | D:11     | Noticed a two-headed ogre
  8676 | D:11     | a satyr changed into a wolf spider
  8686 | D:11     | Killed a two-headed ogre
  8721 | D:11     | a tyrant leech changed into an ettin
  8721 | D:11     | Noticed an ettin (glowing shapeshifter)
  8726 | D:11     | an ettin changed into a bunyip
  8726 | D:11     | Noticed a bunyip (glowing shapeshifter)
  8727 | D:11     | a bunyip changed into an alligator
  8727 | D:11     | Noticed an alligator (glowing shapeshifter)
  8729 | D:11     | an alligator changed into a goliath frog
  8732 | D:11     | a goliath frog changed into a bunyip
  8732 | D:11     | Noticed a bunyip (glowing shapeshifter)
  8735 | D:11     | a bunyip changed into a spark wasp
  8735 | D:11     | Noticed a spark wasp (glowing shapeshifter)
  8740 | D:11     | a spark wasp changed into a boulder beetle
  8740 | D:11     | Noticed a boulder beetle (glowing shapeshifter)
  8744 | D:11     | a boulder beetle changed into an ice dragon
  8744 | D:11     | Noticed an ice dragon (glowing shapeshifter)
  8753 | D:11     | an ice dragon changed into an anaconda
  8753 | D:11     | Noticed an anaconda (glowing shapeshifter)
  8755 | D:11     | an anaconda changed into a skyshark
  8755 | D:11     | Noticed a skyshark (glowing shapeshifter)
  8761 | D:11     | a skyshark changed into a mana viper
  8766 | D:11     | a torpor snail changed into a shock serpent
  8766 | D:11     | Noticed a shock serpent (glowing shapeshifter)
  8822 | D:11     | Reached ** piety under Okawaru
  8839 | D:11     | Found a portal to a secret trove of treasure.
  8844 | D:11     | Noticed a two-headed ogre
  8907 | D:11     | Killed a two-headed ogre
  9066 | D:11     | Found a staircase to the Lair.
  9101 | D:11     | Found a hide-covered altar of Uskayaw.
  9313 | D:11     | Noticed a broodmother
  9316 | D:11     | a broodmother changed into a quicksilver ooze
  9316 | D:11     | Noticed a quicksilver ooze (glowing shapeshifter)
  9317 | D:11     | a quicksilver ooze changed into a seven-headed hydra
  9317 | D:11     | Noticed a seven-headed hydra (glowing shapeshifter)
  9320 | D:11     | a seven-headed hydra changed into a storm dragon
  9320 | D:11     | Noticed a storm dragon (glowing shapeshifter)
  9345 | Lair:1   | Entered Level 1 of the Lair of Beasts
  9692 | Lair:1   | Noticed a catoblepas
  9703 | Lair:1   | Killed a catoblepas
  9704 | Lair:1   | Reached skill level 15 in Maces & Flails
  9704 | Lair:1   | Reached XP level 13. HP: 62/95 MP: 13/13
 10289 | Lair:2   | Identified the +5 flail of Niaz {freeze, rElec rCorr Int-2}
 10466 | Lair:2   | Noticed Sonja
 10501 | Lair:2   | Killed Sonja
 10638 | Lair:2   | Reached *** piety under Okawaru
 10719 | Lair:2   | Found a staircase to the Shoals.
 11439 | Lair:3   | Reached **** piety under Okawaru
 11624 | Lair:3   | Found a staircase to the Snake Pit.
 12005 | Lair:3   | Reached ***** piety under Okawaru
 12731 | Lair:3   | Gained mutation: Your large and strong wings let you fly.
                  | [Gargoyle growth]
 12731 | Lair:3   | Reached XP level 14. HP: 85/102 MP: 14/14
 13147 | Lair:4   | Reached skill level 10 in Armour
 13200 | Lair:4   | Found a staircase to the Slime Pits.
 13637 | Lair:4   | Identified the +2 great mace of Qiarofia {drain, rPois
                  | Will+ Str+2 Dex-4} (Okawaru gifted it to you on level 4 of
                  | the Lair of Beasts)
 13637 | Lair:4   | Received a gift from Okawaru
 13745 | Lair:5   | Entered Level 5 of the Lair of Beasts
 13771 | Lair:5   | Found a shimmering blue altar of Sif Muna.
 13913 | Lair:5   | Identified the +1 kite shield of the Good {rElec Will-
                  | Int+3}
 14335 | Lair:5   | Reached ****** piety under Okawaru
 14416 | Lair:5   | Noticed a dire elephant
 14431 | Lair:5   | Killed a dire elephant
 14807 | Lair:5   | Received a gift from Okawaru
 14847 | Lair:5   | Found a burning altar of Makhleb.
 15126 | Lair:5   | Found a gateway to Hell.
 15133 | Lair:5   | Identified the +8 quarterstaff of the Horn {vamp, Str-4
                  | Int+3 Dex+8}
 16036 | D:12     | Received a gift from Okawaru
 16349 | D:12     | Noticed Psyche
 16412 | D:12     | Killed Psyche
 16413 | D:12     | Reached XP level 15. HP: 109/109 MP: 15/15
 16489 | D:12     | Found a staircase to the Orcish Mines.
 16876 | D:13     | Noticed Frances
 16897 | D:13     | Killed Frances
 16942 | D:13     | Found a gate leading to a gauntlet.
 16951 | Gauntlet | Entered a Gauntlet
 16951 | Gauntlet | Found a transporter.
 16973 | Gauntlet | Found a transporter.
 16983 | Gauntlet | Found a transporter.
 16990 | Gauntlet | Found a transporter.
 17005 | Gauntlet | Found a transporter.
 17024 | Gauntlet | Found a transporter.
 17036 | Gauntlet | Found a transporter.
 17040 | Gauntlet | Identified a scroll of acquirement
 17048 | Gauntlet | Found a transporter.
 17060 | Gauntlet | Found a transporter.
 17072 | Gauntlet | Found a transporter.
 17089 | Gauntlet | Found a transporter.
 17109 | Gauntlet | Found a transporter.
 17129 | Gauntlet | Found a transporter.
 17151 | Gauntlet | Found a transporter.
 17226 | Gauntlet | Found a transporter.
 17228 | Gauntlet | Found a transporter.
 17255 | Gauntlet | Found a transporter.
 17255 | Gauntlet | Found a transporter.
 17447 | Gauntlet | Identified the ring of Jinaw {rC+ rN+ Str-2 Slay+4 SInv}
 17500 | Gauntlet | Identified the +6 shortbow "Quonkeept" {flame, Dex+3}
 17517 | Gauntlet | Reached skill level 1 in Invocations
 18494 | Orc:1    | Entered Level 1 of the Orcish Mines
 18527 | Orc:1    | Found a frozen archway.
 18638 | Orc:1    | Found Tuawya's Book Emporium.
 18660 | IceCv    | Entered an ice cave
 18746 | IceCv    | Reached skill level 5 in Invocations
 19374 | IceCv    | Got the Annotations on Cryomancy
 19536 | IceCv    | Acquired a +0 crystal plate armour
 19753 | Orc:1    | Noticed Maurice
 19770 | Orc:1    | Killed Maurice
 19809 | Orc:1    | Noticed Fannar
 19835 | Orc:1    | Killed Fannar
 20059 | Orc:2    | Entered Level 2 of the Orcish Mines
 20092 | Orc:2    | Noticed Saint Roka
 20140 | Orc:2    | Killed Saint Roka
 20347 | Orc:2    | Found Tuxkink's Distillery.
 20381 | Orc:2    | Found a staircase to the Elven Halls.
 20573 | Orc:2    | Noticed an orc warlord
 20611 | Orc:2    | Killed an orc warlord
 20611 | Orc:2    | Identified the +3 dagger of the Everdark {holy, Dex+2
                  | Stlth+} (Okawaru gifted it to you on level 2 of the Orcish
                  | Mines)
 20611 | Orc:2    | Received a gift from Okawaru
 20888 | Orc:2    | Reached skill level 10 in Invocations
 21031 | Orc:2    | Noticed an orc warlord
 21059 | Orc:2    | Killed an orc warlord
 21136 | Orc:2    | Paralysed by an orc sorcerer for 3 turns
 21274 | Orc:2    | Reached XP level 16. HP: 68/116 MP: 24/24
 21606 | Orc:2    | Found Yfoygoas's Antique Armour Shoppe.
 21617 | Orc:2    | Found Ilic's General Store.
 21623 | Orc:2    | Identified the +0 pair of gloves "Mampaina" {rF++ Will+
                  | Int+2} (Okawaru gifted it to you on level 2 of the Orcish
                  | Mines)
 21623 | Orc:2    | Received a gift from Okawaru
 21698 | Orc:2    | Found Oplori's Jewellery Shoppe.
 21700 | Orc:2    | Found Usmu's Antique Weapon Emporium.
 21727 | Orc:2    | Bought a potion of heal wounds for 75 gold pieces
 21938 | D:14     | Noticed Rupert
 21938 | D:14     | Found a gate to the Vaults.
 22614 | D:14     | Killed Rupert
 22899 | D:14     | Noticed Snorg
 22921 | D:14     | Killed Snorg
 23199 | D:15     | Entered Level 15 of the Dungeon
 23622 | D:15     | Found a staircase to the Depths.
 23993 | D:15     | Identified the +2 executioner's axe of Tomorrow {freeze,
                  | Will+} (Okawaru gifted it to you on level 15 of the
                  | Dungeon)
 23993 | D:15     | Received a gift from Okawaru
 24526 | D:11     | an iron dragon changed into an iron giant
 24526 | D:11     | Noticed an iron giant (glowing shapeshifter)
 24634 | Snake:1  | Entered Level 1 of the Snake Pit
 26025 | Snake:1  | Received a gift from Okawaru
 26131 | Snake:1  | Found Kuoruk's Assorted Antiques.
 26132 | Snake:1  | Found Viczomuc's General Store.
 26151 | Snake:1  | Bought a scroll of enchant armour for 97 gold pieces
 26158 | Snake:1  | Found Gunnilah's Distillery.
 26158 | Snake:1  | Found Ifruch's Jewellery Emporium.
 26171 | Snake:1  | Bought the amulet "Paittommah" {Spirit rF+ Slay+5 Stlth-}
                  | for 1081 gold pieces
 26519 | Snake:2  | Reached XP level 17. HP: 115/124 MP: 22/25
 26545 | Snake:2  | Noticed Vashnia
 26597 | Snake:2  | Killed Vashnia
 27596 | Snake:3  | Noticed Nikola
 27610 | Snake:3  | Killed Nikola
 27675 | Snake:3  | Found Buroffep's Jewellery Emporium.
 27675 | Snake:3  | Found Fiecaun's Book Shop.
 27676 | Snake:3  | Found Wagaub's Book Shop.
 27959 | Snake:3  | Identified the +1 chain mail of Eternal Night {Dex+6}
 28312 | Snake:3  | Noticed Aizul
 28324 | Snake:3  | Killed Aizul
 28773 | Snake:4  | Entered Level 4 of the Snake Pit
 29467 | Snake:4  | Found Mozabiz's Weapon Shoppe.
 29469 | Snake:4  | Found Hovaicw's Distillery.
 29472 | Snake:4  | Found Zuejov's Antique Armour Shoppe.
 29867 | Snake:4  | Identified the +1 demon whip "Qavuat" {vamp, rElec rC+++
                  | Str-2 Stlth-} (Okawaru gifted it to you on level 4 of the
                  | Snake Pit)
 29867 | Snake:4  | Received a gift from Okawaru
 30029 | Snake:4  | Reached XP level 18. HP: 124/133 MP: 23/26
 30716 | Snake:4  | Got a serpentine rune of Zot
 31123 | Shoals:1 | Entered Level 1 of the Shoals
 32124 | Shoals:2 | Received a gift from Okawaru
 32258 | Shoals:2 | Noticed Ilsuiw
 32274 | Shoals:2 | Killed Ilsuiw
 33119 | Shoals:2 | Noticed Kirke
 33135 | Shoals:2 | Killed Kirke
 33185 | Shoals:2 | Found Savaeci's General Store.
 33189 | Shoals:2 | Found Aceet's Specific Store.
 33304 | Shoals:3 | Noticed Louise
 33316 | Shoals:3 | Killed Louise
 33710 | Shoals:3 | Noticed Polyphemus
 33738 | Shoals:3 | Killed Polyphemus
 34015 | Shoals:3 | Found a bloodstained altar of Trog.
 34015 | Shoals:3 | Noticed Hehairghu's ghost (adept FoFi)
 34022 | Shoals:3 | Found a transporter.
 34024 | Shoals:3 | Found a transporter.
 34037 | Shoals:3 | Identified the amulet of Qocvur {Faith rF++ Int+3 SInv}
 34072 | Shoals:3 | Reached XP level 19. HP: 78/142 MP: 14/27
 34267 | Shoals:3 | Killed Hehairghu's ghost
 34267 | Shoals:3 | Received a gift from Okawaru
 34492 | D:11     | You paid a toll of a +5 demon trident to enter a treasure
                  | trove
 34493 | Trove    | Entered a treasure trove
 34504 | Trove    | Identified the +6 broad axe of Ajughew {heavy, Dex+2}
 34511 | Trove    | Identified the +7 dire flail of Corruption {elec, Int+6}
 34512 | Trove    | Identified the +7 eveningstar "Qita" {freeze, rF+ Str+4}
 34513 | Trove    | Identified the +6 great mace of the Feather {antimagic,
                  | rElec}
 35110 | Shoals:4 | Entered Level 4 of the Shoals
 35311 | Shoals:4 | Got a barnacled rune of Zot
 35390 | Shoals:4 | Reached skill level 5 in Shields
 35752 | Shoals:4 | Received a gift from Okawaru
 35890 | Shoals:4 | Got the Guidebook on Assaults
 36401 | Depths:1 | Entered Level 1 of the Depths
 36550 | Depths:1 | Found a transporter.
 36556 | Depths:1 | Found a transporter.
 36557 | Depths:1 | Found a transporter.
 36587 | Depths:1 | Got the Handbook of Lethal Aeromancy
 36677 | Depths:1 | Found a transporter.
 37218 | Depths:1 | Received a gift from Okawaru
 37482 | Depths:1 | Found Cesir's Antique Weapon Shoppe.
 37636 | Depths:1 | Noticed Mara
 37654 | Depths:1 | Noticed Skeebo's illusion
 37655 | Depths:1 | Killed Mara
 37837 | Depths:1 | Found a one-way gateway to a ziggurat.
 37907 | Depths:1 | Found a one-way gate leading to the halls of Pandemonium.
 38078 | Depths:1 | Found Lakhut's Weapon Shoppe.
 38264 | Depths:1 | Found the +6 Majin-Bo {spellvamp, MP+6 Int+6}
 38585 | Depths:2 | Found a glowing silver altar of Zin.
 38585 | Depths:2 | Found a white marble altar of Elyvilon.
 38585 | Depths:2 | Found a glowing golden altar of the Shining One.
 38937 | Depths:2 | Reached XP level 20. HP: 132/148 MP: 24/28
 39208 | Depths:2 | Reached skill level 10 in Shields
 39279 | Depths:2 | Received a gift from Okawaru
 39466 | Depths:2 | Noticed a golden dragon
 39473 | Depths:2 | Noticed a caustic shrike
 39488 | Depths:2 | Killed a caustic shrike
 39495 | Depths:2 | Killed a golden dragon
 40107 | Depths:2 | Identified the ring of Gelymiov {Str+2 SInv}
 40111 | Depths:2 | Identified the staff of poison "Onwuxkyz" {rPois rN+ Dex+3}
 40168 | Depths:2 | Noticed a golden dragon
 40172 | Depths:2 | Killed a golden dragon
 40502 | Depths:2 | Noticed a golden dragon
 40583 | Depths:2 | Killed a golden dragon
 40697 | Depths:2 | Got Vehumet's Secrets of the Ironbound Salvo
 40704 | Depths:2 | Identified the staff of fire "Urhogo Doona" {rF+ rN+ rCorr
                  | Int-5 Dex+3}
 40705 | Depths:2 | Identified the staff of poison "Daylemn" {rPois Int+5}
 40998 | Depths:3 | Received a gift from Okawaru
 41364 | Depths:3 | Identified the ring of Hospitality {Ice Contam rPois Int+7
                  | Dex+3}
 41364 | Depths:3 | Noticed Josephina
 41382 | Depths:3 | Killed Josephina
 41646 | Depths:3 | Found a runed translucent gate.
 41646 | Depths:3 | Found a runed translucent gate.
 41646 | Depths:3 | Found a runed translucent gate.
 41646 | Depths:3 | Found a viscous altar of Jiyva.
 41646 | Depths:3 | Noticed Taerig's ghost (adept DsMo)
 41661 | Depths:3 | Received a gift from Okawaru
 41710 | Depths:3 | Identified the +7 dagger "Musub" {holy, rElec rPois Will+++
                  | Str-2}
 41879 | Depths:3 | Found a one-way gate to the infinite horrors of the Abyss.
 42232 | Depths:3 | Reached XP level 21. HP: 151/153 MP: 25/29
 42430 | Depths:3 | Noticed a golden dragon
 42430 | Depths:3 | Noticed a juggernaut
 42445 | Depths:3 | Killed a juggernaut
 42452 | Depths:3 | Killed a golden dragon
 43052 | Depths:3 | Noticed a juggernaut
 43059 | Depths:3 | Killed a juggernaut
 43096 | Depths:3 | Received a gift from Okawaru
 43099 | Depths:3 | Reached skill level 15 in Shields
 43311 | Depths:3 | Noticed a caustic shrike
 43318 | Depths:3 | Noticed a caustic shrike
 43318 | Depths:3 | Noticed a caustic shrike
 43330 | Depths:3 | Noticed a caustic shrike
 43336 | Depths:3 | Killed a caustic shrike
 43343 | Depths:3 | Killed a caustic shrike
 43344 | Depths:3 | Noticed a caustic shrike
 43347 | Depths:3 | Killed a caustic shrike
 43369 | Depths:3 | Killed a caustic shrike
 43369 | Depths:3 | Received a gift from Okawaru
 43767 | Depths:3 | Noticed a golden dragon
 43788 | Depths:3 | Killed a golden dragon
 43930 | Depths:3 | Identified the ring of Jeymm {Drain rElec Dex+6 SInv}
 43977 | Depths:3 | Identified the +3 chain mail "Beny" {Will++ Int-2 Dex+3
                  | Stlth+}
 44044 | Depths:4 | Entered Level 4 of the Depths
 44057 | Depths:4 | Noticed Boris
 44133 | Depths:3 | Killed a caustic shrike
 44200 | Depths:3 | Reached XP level 22. HP: 154/161 MP: 28/30
 44259 | Depths:4 | Killed Boris
 44826 | Depths:4 | Noticed Sojobo
 44843 | Depths:4 | Killed Sojobo
 45016 | Depths:4 | Noticed Grunn
 45038 | Depths:4 | Killed Grunn
 45277 | Depths:4 | Noticed Parghit
 45289 | Depths:4 | Killed Parghit
 45572 | Depths:4 | Identified the +19 crystal plate armour "Usapid" {rF++
                  | Dex-5} (Okawaru gifted it to you on level 4 of the Depths)
 45572 | Depths:4 | Received a gift from Okawaru
 45852 | Depths:4 | Found a gate to the Realm of Zot.
 46633 | Snake:3  | Bought the ring "Ubocw" {rPois rC+ Will+ Dex+3} for 792
                  | gold pieces
 46856 | Vaults:1 | Entered Level 1 of the Vaults
 47826 | Vaults:1 | Identified the +0 sling "Imp's Doom" {drain, rCorr Str+3}
 48335 | Vaults:2 | Found a crumbling gateway.
 48341 | Desolati | Entered the Desolation of Salt
 48397 | Desolati | Identified the +10 double sword of the Weak God {spect,
                  | rElec} (Okawaru gifted it to you in the Desolation of Salt)
 48397 | Desolati | Received a gift from Okawaru
 48398 | Desolati | Reached XP level 23. HP: 170/170 MP: 31/31
 48751 | Desolati | Identified the ring of Bizay {rF+ rC+ rN+}
 48752 | Desolati | Identified the ring of Domato {Fire rElec Str-5 Dex+3}
 48856 | Desolati | Identified the ring "Cohol" {rCorr AC+4 Str+2 Dex+6}
 49230 | Desolati | Got the Compendium of Unholy Ill Luck
 49346 | Vaults:2 | Identified the +1 flail "Awiun" {pain, rPois SInv} (Okawaru
                  | gifted it to you on level 2 of the Vaults)
 49346 | Vaults:2 | Received a gift from Okawaru
 49575 | Vaults:2 | You are sucked into a shaft and drop 1 floor!
 50445 | Vaults:3 | Found a staircase to the Crypt.
 50445 | Vaults:3 | Found a basalt altar of Yredelemnul.
 50446 | Vaults:3 | Found an ancient bone altar of Kikubaaqudgha.
 50502 | Vaults:3 | Received a gift from Okawaru
 50571 | Vaults:3 | Identified the ring of Ymes {Fly rF++ Str+6 Dex+4 Slay-3}
 50864 | Vaults:3 | Found the +10 morningstar "Eos" {elec, Halo rElec}
 50865 | Vaults:3 | Found a runed translucent door.
 50867 | Vaults:3 | Found the ring of the Mage {Wiz Archmagi}
 51201 | Vaults:3 | Noticed Zenata
 51229 | Vaults:3 | Killed Zenata
 52902 | Vaults:4 | Found Etaen's Book Shoppe.
 52997 | Vaults:4 | Reached skill level 27 in Maces & Flails
 53177 | Vaults:4 | Reached XP level 24. HP: 180/180 MP: 31/31
 53447 | Vaults:5 | Entered Level 5 of the Vaults
 54025 | Vaults:5 | Identified the +9 kite shield of Death Resistance {Int+3}
                  | (Okawaru gifted it to you on level 5 of the Vaults)
 54025 | Vaults:5 | Received a gift from Okawaru
 54320 | Vaults:5 | Noticed Frederick
 54321 | Vaults:5 | Noticed a dread lich
 54338 | Vaults:5 | Killed a dread lich
 54354 | Vaults:5 | Killed Frederick
 54400 | Vaults:5 | Reached skill level 27 in Fighting
 54565 | Vaults:5 | Identified the +10 battleaxe "Killer Klown's Doom" {heavy,
                  | rC+}
 54568 | Vaults:5 | Reached skill level 15 in Armour
 54588 | Vaults:5 | Identified the +8 dire flail of Wyrd {freeze, rN+ rCorr}
 54755 | Vaults:5 | Noticed a dread lich
 54768 | Vaults:5 | Killed a dread lich
 55158 | Vaults:5 | Identified the +5 shortbow of Ash {freeze, +Blink rN+ rCorr
                  | SInv}
 55227 | Vaults:5 | Identified the +7 morningstar "Tysouph" {freeze, rPois rF-
                  | rC+++ Dex-3}
 55369 | Vaults:5 | Noticed an ancient lich
 55371 | Vaults:5 | Received a gift from Okawaru
 55388 | Vaults:5 | Killed an ancient lich
 55571 | Vaults:5 | Got a silver rune of Zot
 55968 | Zot:1    | Entered Level 1 of the Realm of Zot
 55984 | Zot:1    | Noticed an orb of fire
 55998 | Zot:1    | Killed an orb of fire
 56020 | Zot:1    | Reached XP level 25. HP: 91/187 MP: 11/31
 57021 | Zot:2    | Received a gift from Okawaru
 57968 | Zot:2    | Reached XP level 26. HP: 170/193 MP: 29/31
 58855 | Zot:3    | Identified the +0 chain mail "Niabah" {*Slow rC++ Regen+
                  | Stlth+} (Okawaru gifted it to you on level 3 of the Realm
                  | of Zot)
 58855 | Zot:3    | Received a gift from Okawaru
 59978 | Zot:5    | Entered Level 5 of the Realm of Zot
 60004 | Zot:4    | Noticed an orb of fire
 60007 | Zot:4    | Noticed an orb of fire
 60011 | Zot:4    | Gained mutation: You are dopey. (Int -2) [an orb of fire]
 60025 | Zot:4    | Gained mutation: You are occasionally teleported next to
                  | monsters. [mutagenic glow]
 60066 | Zot:4    | Reached XP level 27. HP: 142/199 MP: 0/31
 60250 | Zot:4    | Gained mutation: Your flesh is heat resistant. (rF+) [an
                  | orb of fire]
 60254 | Zot:4    | Gained mutation: You are often teleported next to monsters.
                  | [an orb of fire]
 60255 | Zot:4    | Killed an orb of fire
 60343 | Zot:4    | Gained mutation: Your flesh is cold resistant. (rC+) [an
                  | orb of fire]
 60349 | Zot:4    | Killed an orb of fire
 61592 | Zot:5    | Noticed an ancient lich
 61592 | Zot:5    | Noticed an orb of fire
 61608 | Zot:5    | Killed an orb of fire
 61608 | Zot:5    | Noticed a dread lich
 61612 | Zot:5    | Killed an ancient lich
 61616 | Zot:5    | Noticed a dread lich
 61622 | Zot:5    | Killed a dread lich
 61627 | Zot:5    | Killed a dread lich
 61774 | Zot:5    | Received a gift from Okawaru
 61823 | Zot:5    | Noticed a dread lich
 61830 | Zot:5    | Killed a dread lich
 61864 | Zot:5    | Noticed an ancient lich
 61883 | Zot:5    | Noticed a dread lich
 61883 | Zot:5    | Noticed an orb of fire
 61883 | Zot:5    | Noticed a dread lich
 61908 | Zot:5    | Gained mutation: You sometimes lose your temper in combat.
                  | [an orb of fire]
 61932 | Zot:5    | Killed a dread lich
 62056 | Zot:5    | Killed an ancient lich
 62343 | Zot:5    | Found a runed translucent door.
 62345 | Zot:5    | Noticed bairyn's ghost (master MiFi)
 62546 | Zot:5    | Got the Orb of Zot
 62555 | Zot:5    | Identified the +4 helmet of Hide-and-Seek {rPois} (Okawaru
                  | gifted it to you on level 5 of the Realm of Zot)
 62555 | Zot:5    | Received a gift from Okawaru
 62873 | Depths:1 | Gained mutation: You occasionally shout uncontrollably at
                  | your foes. [a neqoxec]
 63067 | D:10     | Noticed Gigoafus the pandemonium lord
 63195 | D:4      | Noticed Sior the pandemonium lord
 63208 | D:4      | Killed Sior the pandemonium lord
 63331 | D:$      | Escaped with the Orb!

Illustrated notes

Levels and vault maps discovered:
D:1:      scummos_arrival_simple_crosswalls, layout_basic,
          dilly_ecumenical_altar_fadedgnrine
D:2:      layout_basic, minmay_mini_jars
D:3:      layout_rooms, nicolae_dithmenos_shadow_blocks, lemuel_crystal_altar,
          nicolae_hepliaklqana_hippocampus, uniq_natasha
D:4:      layout_cave_pods, cheibriados_altar_1, uniq_robin, uniq_pikel
D:5:      layout_basic, general_overflow_altar, nicolae_sif_muna_little_library,
          gammafunk_temple_overflow_forgotten
D:6:      layout_basic, serial_shops, shop, uniq_edmund, uniq_sigmund
D:7:      layout_basic, minmay_temple_entry_mini_moons, minmay_between
D:8:      layout_basic, mainiacjoe_overflow_boulevard, kennysheep_little_box,
          grunt_qazlal_clouds, uniq_joseph, uniq_maggie
D:9:      layout_basic, nicolae_overflow_crystal_walls, minmay_ruined_shrine,
          uniq_harold
D:10:     layout_loops_ring, nicolae_elyvilon_peaceful_grove,
          mainiacjoe_overflow_tiny_flanked, nicolae_tso_carved_into_rock
D:11:     layout_basic, hellmonk_lair_entry_icy,
          ploomutoo_gammafunk_ghost_potion_laboratory, enter_trove_2,
          nicolae_uskayaw_dance_hall
D:12:     layout_roguey, david_orc_1_choice, special_room [special_room_bee],
          uniq_psyche
D:13:     layout_gridville, gauntlet_entry_generic, uniq_frances
D:14:     layout_basic, david_vaults_3, uniq_snorg
D:15:     gammafunk_depths_entry_grave, layout_loops_ring
Temple:   nicolae_temple_two_arcs
Lair:1:   layout_regular_city, gammafunk_lair_bear_cave
Lair:2:   layout_roguey, minmay_shoals_entry_centaurs, roderic_carrion_pond,
          uniq_sonja
Lair:3:   layout_regular_city, guppyfry_snake_entry_island,
          minmay_shattered_shrine
Lair:4:   layout_gridlike, nicolae_slime_entry_field_trip,
          nicolae_quartered_pool_super
Lair:5:   evil_forest, layout_loops_ring, basic_altar
Shoals:1: layout_shoals
Shoals:2: layout_shoals, nicolae_specific_store, abandoned_shop, uniq_ilsuiw,
          uniq_kirke
Shoals:3: layout_shoals, gammafunk_ghost_wrathful_warriors, uniq_polyphemus,
          uniq_louise
Shoals:4: shoals_end_hangedman, layout_shoals, nicolae_shoals_dead_sea_scrolls
Snake:1:  layout_chambers, nicolae_snake_serpentine_bazaar
Snake:2:  layout_gridlike, grunt_megastairs_1, uniq_vashnia
Snake:3:  layout_chambers, serial_bayou_shore_a, grunt_megastairs_4,
          minmay_shop_grove, uniq_aizul, uniq_nikola
Snake:4:  snake_pit, layout_cave_shapes, nicolae_snake_guarding_the_ruins,
          serial_bayou_shore_b, minmay_shop_star
Orc:1:    nicolae_orc_accident_1, layout_caves, serial_shops, shop,
          portal_ice_cave_entry_ice_simulacra, uniq_maurice, uniq_fannar,
          uniq_urug
Orc:2:    st_orc_congregation, layout_caves, serial_shops, shop, uniq_saint_roka
Vaults:1: st_quartered_hall, v_alt_pattern_2, layout_vaults_quadrants
Vaults:2: portal_desolation_entry_nicolae_slug,
          nicolae_vaults_storage_closets_2, nicolae_vaults_tetromino_L_2,
          nicolae_vaults_oval_intersection, vaults_room_octagon,
          hangedman_vaults_trim, nicolae_vaults_double_plus_1,
          nicolae_vaults_house_1, vaults_room_door_hall, layout_vaults_big_room
Vaults:3: nicolae_vaults_circle_grid_b, nicolae_vaults_closet_pinwheel_2,
          minmay_crypt_entry_necro_gods, nicolae_vaults_alarming,
          nicolae_vaults_storage_closets_3, ontoclasm_vaults_chip,
          hangedman_vaults_nodes, nicolae_vaults_hexular_roomagon,
          nicolae_vaults_oozy_zoo, ontoclasm_vaults_tryst,
          nicolae_vaults_six-pack, nicolae_vaults_trapezoid_lopsided_3,
          ontoclasm_vaults_pinch, layout_vaults_omnicross, uniq_zenata
Vaults:4: nicolae_vaults_trapezoid_lopsided_1, v_misc_19,
          nicolae_vaults_oval_intersection, v_misc_27, hangedman_vaults_stream,
          nicolae_vaults_network_s, nicolae_vaults_more_shelving_2,
          vaults_room_door_hall, hangedman_vaults_corner, v_alt_pattern_3,
          layout_vaults_omnibox, serial_shops, nicolae_shop_peninsula
Vaults:5: uniq_frederick
Depths:1: minmay_guarded_unrand_majin_bo, layout_gridlike, enter_ziggurat_a,
          rand_demon_pan_entry_1, serial_shops, shop, nicolae_shop_trees,
          hangedman_geh_valley, nicolae_transporter_circle, uniq_mara
Depths:2: little_maze_vault, layout_basic, rand_demon_pan_entry_5, hell_entry,
          good_gods_mini_temple, infiniplex_staircase_trident
Depths:3: grunt_bent_corner, layout_gridlike, abyss_entry, gammafunk_ghost_ooze,
          rand_demon_pan_entry_9, grunt_hell_entry_dis_grunt, uniq_josephina
Depths:4: grunt_zot_entry_pinwheel, layout_gridlike,
          serial_sigils_hangedman_writhe, hangedman_coc_ice_floe, uniq_parghit,
          uniq_boris, uniq_sojobo, uniq_margery, uniq_grunn
Zot:1:    layout_misc_corridors
Zot:2:    kennysheep_ambush_hall, layout_misc_corridors, grunt_ministairs_9,
          hangedman_hellfire_club
Zot:3:    nicolae_moth_party, layout_basic, st_stairs_13
Zot:4:    layout_onion, zot_minivault_3, grunt_megastairs_2
Zot:5:    layout_gridlike, ebering_ghost_inner_flame

Skill      XL: |  1  2  3  4  5  6  7  8  9 10 11 12 13 14 15 16 17 18 19 20 21 22 23 24 25 26 27 |
---------------+----------------------------------------------------------------------------------+-----
Fighting       | 4 5 7 9 13 14 15 16 17 18 20 21 23 25 26 27 | 27.0
Maces & Flails | 3 4 6 8 12 13 15 16 17 18 20 21 22 23 24 25 27 | 27.0
Armour         | 7 9 11 12 13 16 18 19 21 | 21.9
Invocations    | 10 | 10.7
Shields        | 9 13 15 16 18 20 21 23 | 23.7

Action                     |  1- 3 |  4- 6 |  7- 9 | 10-12 | 13-15 | 16-18 | 19-21 | 22-24 | 25-27 || total
---------------------------+-------+-------+-------+-------+-------+-------+-------+-------+-------++-------
  Melee: Flail             |    79 |   191 |   262 |   294 |  1451 |  1486 |    35 |       |       ||  3798
         Eveningstar       |       |       |       |       |       |       |  1064 |  1373 |   891 ||  3328
 Invoke: Heroism           |       |       |       |       |     3 |     9 |     7 |    13 |     7 ||    39
         Finesse           |       |       |       |       |     1 |     7 |     6 |     8 |     6 ||    28
    Use: Scroll            |     3 |     7 |     8 |     8 |    12 |     7 |    10 |     7 |    11 ||    73
         Potion            |       |     3 |     2 |     7 |     8 |     5 |     7 |     4 |     7 ||    43
   Stab: Petrified         |       |       |       |       |     1 |     2 |       |       |       ||     3
         Distracted        |       |       |       |       |       |       |     1 |       |     1 ||     2
 Armour: Scale mail        |    48 |   130 |   157 |   141 |   487 |       |       |       |       ||   963
         Skin              |       |       |       |       |     2 |       |       |       |       ||     2
         Crystal plate arm |       |       |       |       |   228 |  1137 |   700 |   740 |   545 ||  3350
  Dodge: Dodged            |    35 |   106 |   167 |   105 |   417 |   393 |   214 |   214 |   157 ||  1808
         Repelled          |       |       |       |       |       |    48 |     2 |     5 |    13 ||    68
  Block: Buckler           |    15 |    42 |    55 |   125 |   519 |    90 |       |       |       ||   846
         Reflection        |       |       |       |     7 |    18 |    31 |       |       |       ||    56
         Kite shield       |       |       |       |       |       |   541 |   410 |   634 |   591 ||  2176
